[Event "American Cup Blitz 2024"]
[Site "Saint Louis"]
[Date "2024.03.21"]
[Round "1.1"]
[White "Caruana, Fabiano"]
[Black "Batsuren, Dambasuren"]
[Result "1-0"]
[ECO "C70"]
[WhiteElo "2804"]
[BlackElo "2515"]
[Annotator "TA"]
[PlyCount "79"]
[EventDate "2024.03.21"]
[EventType "swiss"]
[EventCountry "USA"]
[SourceTitle "playchess.com"]
[Source "ChessBase"]
[SourceQuality "1"]
[TimeControl "180+2"]

1. e4 e5 2. Nf3 Nc6 3. Bb5 a6 4. Ba4 Bc5 5. c3 Nge7 6. d4 exd4 7. cxd4 Bb4+ 8. Bd2 {[%emt 0:00:01] White is slightly better.} Bxd2+ 9. Nbxd2 d5 10. e5 O-O 11. O-O Bf5 12. Re1 f6 13. exf6 Rxf6 14. Bxc6 Nxc6 15. Qb3 b6 16. Qc3 Qd7 17. Rac1 Raf8 18. Ne5 Nxe5 19. Rxe5 c6 20. Rce1 Bg6 21. f3 Re8 22. Qb4 Qd8 23. Nf1 Rxe5 24. Rxe5 Bf7 25. Qe1 Kf8 26. Ne3 Re6 27. Nf5 Qd7 {[%emt 0:00:04] [#]} (27... Qf6 $11 {and Black has nothing to worry.} 28. g4 h5) 28. Qb4+ $1 $18 c5 29. dxc5 bxc5 30. Qxc5+ Kg8 {[%emt 0:00:01] [#] Black is weak on the dark squares} 31. Rxe6 (31. Rxd5 $2 {loses.} Re1+ 32. Kf2 Bxd5 $19 (32... Qxd5 33. Qxd5 Bxd5 34. Kxe1 $16)) ({But not} 31. Qxd5 Qxd5 32. Rxd5 Re1+ 33. Kf2 Bxd5) 31... Qxe6 {[%emt 0:00:02][%cal Re6e1][%mdl 4096] Endgame. KQB-KQN} 32. Ne7+ Kh8 33. Qc8+ Qxc8 34. Nxc8 {[%emt 0:00:01] KB-KN} d4 35. a3 Bc4 {[%emt 0:00:04] Hoping for ...d3.} 36. Kf2 {[%emt 0:00:02] White has a decisive advantage.} Kg8 37. Ne7+ Kf8 38. Nc6 d3 {[%emt 0:00:01] White must now prevent ...d2.} 39. Ke3 Bb5 40. Ne5 {[%emt 0:00:01] Weighted Error Value: White=0.08 (flawless) /Black=0.22 (precise) .  Loses game:     	---       	Black=1      Inaccurate:     	White=2     	Black=2      OK:         	White=9     	Black=11     Best:        	White=1     	Black=3      Strong:       	White=1     	---} 1-0

[Event "American Cup Blitz 2024"]
[Site "Saint Louis"]
[Date "2024.03.21"]
[Round "1.2"]
[White "Boros, Denes"]
[Black "So, Wesley"]
[Result "0-1"]
[ECO "B53"]
[WhiteElo "2402"]
[BlackElo "2757"]
[Annotator "TA"]
[PlyCount "86"]
[EventDate "2024.03.21"]
[EventType "swiss"]
[EventCountry "USA"]
[SourceTitle "playchess.com"]
[Source "ChessBase"]
[SourceQuality "1"]
[TimeControl "180+2"]

1. e4 c5 2. Nf3 d6 3. d4 cxd4 4. Qxd4 Nf6 5. Nc3 Nc6 6. Qe3 e6 7. b3 d5 8. exd5 {[%emt 0:00:02] White is slightly better.} Nxd5 9. Nxd5 Qxd5 10. Bb2 Bb4+ 11. c3 (11. Nd2 {simplifies} Bxd2+ 12. Qxd2 Qxd2+ 13. Kxd2 f6 14. Re1) 11... Bc5 12. Qd3 O-O 13. Rd1 Qxd3 14. Bxd3 e5 15. O-O Be7 16. b4 (16. Be4 $14) 16... f6 17. Bc4+ Kh8 18. h3 g5 19. a3 Kg7 20. Bd5 Rd8 21. c4 a5 (21... a6 $11) 22. b5 $16 Nb8 23. h4 {[%emt 0:00:16] Threatens to win with Rfe1.} g4 24. Nd2 (24. Nxe5 $1 $16 {Strongly threatening Nd3.} fxe5 25. Bxe5+ Kh6 26. Rfe1 (26. Bc7 Rf8 $11) 26... Bxh4 27. c5 (27. Bc7 Rh8 $16)) 24... Nd7 $11 25. Ne4 {[%emt 0:00:02] Black must now prevent f4.} Nb6 26. f3 {[%emt 0:00:06] [#]} gxf3 27. Rxf3 {[%emt 0:00:01] [#]} (27. gxf3 $17 Nxd5 28. cxd5) 27... Bg4 (27... Nxc4 $1 $19 28. Bc1 (28. Rg3+ Kh8 $17) 28... Be6 29. Rg3+ Kh8) 28. Rg3 $17 h5 {[%emt 0:00:01] ...Nxc4 would now be deadly.} 29. Kh1 $2 {[%emt 0:00:24][%mdl 8192] White does not recover from this.} (29. Rdd3 $17 {is tougher.}) 29... Nxc4 $19 30. Bc1 Nb6 31. Bb3 a4 32. Bc2 Rxd1+ 33. Bxd1 f5 {[%emt 0:00:02][%csl LRe4,LRh4][%cal Oe7h4] And now ...Bxh4! would win.} 34. Bxg4 hxg4 35. Ng5 (35. Bg5 $142 Bf8 (35... Bxg5 $2 36. Nxg5 Rh8 37. Kg1 $19) 36. Nf6) 35... Rc8 36. Bb2 Bf6 37. Rd3 Rc2 38. Rd6 Nc4 39. Rd7+ Kg6 40. Rc7 Rxb2 41. Rxc4 Bxg5 42. hxg5 Rxb5 {[%emt 0:00:01] ( -> ...g3)} 43. Rxa4 g3 {[%emt 0:00:02] Weighted Error Value: White=1.03/Black=0.22 (precise) .  Loses game:     	White=1     	---        Mistake:       	White=4     	Black=2      Inaccurate:     	White=3     	Black=4      OK:         	White=9     	Black=10     Best:        	White=2     	Black=4} 0-1

[Event "American Cup Blitz 2024"]
[Site "Saint Louis"]
[Date "2024.03.21"]
[Round "1.3"]
[White "Aronian, Levon"]
[Black "Sargsyan, Anna M."]
[Result "1-0"]
[ECO "C54"]
[WhiteElo "2722"]
[BlackElo "2377"]
[Annotator "TA"]
[PlyCount "62"]
[EventDate "2024.03.21"]
[EventType "swiss"]
[EventCountry "USA"]
[SourceTitle "playchess.com"]
[Source "ChessBase"]
[SourceQuality "1"]
[TimeControl "180+2"]

1. e4 e5 2. Nf3 Nc6 3. Bc4 Bc5 4. d3 Nf6 5. O-O d6 6. c3 O-O 7. Re1 a6 8. Nbd2 Re8 9. Nf1 Be6 {[%emt 0:00:07] Weiß hat minimalen Vorteil.} 10. Bxe6 Rxe6 {[%emt 0:00:41] [#]} ({Günstiger ist} 10... fxe6 $14 11. Ng3 Rf8) 11. d4 $1 $16 exd4 12. cxd4 Bb4 13. d5 $1 Bxe1 14. dxe6 Bxf2+ 15. Kxf2 Nxe4+ 16. Kg1 fxe6 17. Be3 d5 18. Qb3 Na5 19. Qc2 (19. Qb4 $142 b6 20. N1d2) 19... Nc4 20. Re1 {[%emt 0:00:06] Schwarz muss nun Ng3 beachten.} Qf6 (20... Nxe3 $1 $14 21. Rxe3 (21. Nxe3 Qd6 $16) 21... Qd6) 21. Bd4 $36 {[%emt 0:00:07][%mdl 2048] Weiss ist am Drücker.} (21. N1d2 {vereinfacht} Nexd2 22. Bxd2 Qxb2 23. Qxb2 Nxb2 24. Rxe6 Nc4 25. Re7) 21... Qg6 (21... Qe7 $16 {war angesagt.} 22. Ng3 Ncd6) 22. b3 $18 Ncd6 23. Ne5 Qg5 (23... Qe8 {war nötig.} 24. Qxc7 Rc8) 24. Qxc7 {[%emt 0:00:10][%cal Oe1e4] Und jetzt Rxe4! wäre schön.} Rf8 25. Qd7 Qf6 {[%emt 0:00:38] Zielt auf ...Nb5 ab.} 26. Nf3 Qg6 {[%emt 0:00:04] [#]} 27. Ng3 $1 Rf7 (27... Qf7 28. Qxf7+) 28. Qd8+ Rf8 29. Qh4 (29. Qb6 $142) 29... Nf5 30. Nxf5 Qxf5 31. Rc1 {[%emt 0:00:15] Rc7 ist eine echte Drohung.} e5 {[%emt 0:00:07] Gewichteter Fehlerwert: Weiß=0.25 (präzise) /Schwarz=0.37.  Fehler:       	Weiß=2     	Schwarz=4     Ungenau:       	---       	Schwarz=2     OK:         	Weiß=11    	Schwarz=5     Bester:       	Weiß=2     	Schwarz=3     Stark:        	Weiß=2     	---} 1-0

[Event "American Cup Blitz 2024"]
[Site "Saint Louis"]
[Date "2024.03.21"]
[Round "1.4"]
[White "Abrahamyan, Tatev"]
[Black "Dominguez Perez, Leinier"]
[Result "0-1"]
[ECO "B90"]
[WhiteElo "2308"]
[BlackElo "2749"]
[Annotator "TA"]
[PlyCount "62"]
[EventDate "2024.03.21"]
[EventType "swiss"]
[EventCountry "USA"]
[SourceTitle "playchess.com"]
[Source "ChessBase"]
[SourceQuality "1"]
[TimeControl "180+2"]

1. e4 c5 2. Nf3 d6 3. d4 cxd4 4. Nxd4 Nf6 5. Nc3 a6 6. Be3 e5 7. Nb3 Be6 8. h3 Be7 9. f4 exf4 10. Bxf4 {[%emt 0:00:01] Die Stellung ist ausgeglichen.} Nc6 11. Qe2 Ne5 12. O-O-O {[%emt 0:00:10] Schwarz muss nun Bxe5 beachten.} Nfd7 13. Nd4 Rc8 14. Nd5 Bxd5 15. exd5 O-O 16. Kb1 Re8 17. Nf5 Bf8 18. Qf2 Qf6 $1 19. g4 g6 $1 20. Nd4 Bg7 (20... Bh6 $15 21. Bg3 Bg7) 21. g5 $11 Qd8 22. h4 Qb6 23. Bh3 {[%emt 0:00:05] Pariert Ng4.} (23. Bc1 $1 $11) 23... Rc4 $2 {[%emt 0:00:12] [#]} ({Besser ist} 23... Nc4 $1 $17 24. c3 Re4) 24. c3 $2 Nc5 $36 {[%emt 0:00:02][%mdl 2048] Zielt auf ...Ne4 ab. Schwarz bestimmt, wo es lang geht. Hervorragende Reitkunst.} ({Viel schwächer ist} 24... Rxc3 25. Bxd7 Nxd7 26. Rhf1 $11) 25. Nb3 Qc7 $2 ({Vorzuziehen ist} 25... Ned3 $17 26. Rxd3 Rxf4) 26. Nxc5 $14 Rxc5 27. h5 Nc4 28. Bc1 Rb5 {[%emt 0:00:13] ...Na3+ ist eine echte Drohung.} 29. hxg6 hxg6 {[%emt 0:00:02] Droht ...Na3+ und aus.} 30. Ka1 $2 {[%emt 0:00:04][%mdl 8192] [#]} (30. Bf1 $14) 30... Nxb2 $1 $19 31. Bxb2 {[%emt 0:00:08] [#]} Rxb2 $1 {[%emt 0:00:02][%mdl 512] Gewichteter Fehlerwert: Weiß=0.61/Schwarz=0.23 (präzise) .  Verlustzug:     	Weiß=1     	---        Fehler:       	Weiß=2     	Schwarz=3     Ungenau:       	Weiß=2     	Schwarz=1     OK:         	Weiß=12    	Schwarz=4     Bester:       	---       	Schwarz=1     Stark:        	---       	Schwarz=2     Brilliant:      	---       	Schwarz=1} 0-1

[Event "American Cup Blitz 2024"]
[Site "Saint Louis"]
[Date "2024.03.21"]
[Round "1.5"]
[White "Le, Quang Liem"]
[Black "Tokhirjonova, Gulrukhbegim"]
[Result "1-0"]
[ECO "E04"]
[WhiteElo "2731"]
[BlackElo "2365"]
[Annotator "TA"]
[PlyCount "104"]
[EventDate "2024.03.21"]
[EventType "swiss"]
[EventCountry "USA"]
[SourceTitle "playchess.com"]
[Source "ChessBase"]
[SourceQuality "1"]
[TimeControl "180+2"]

1. d4 d5 2. c4 e6 3. Nf3 Nf6 4. g3 dxc4 5. Bg2 Bb4+ 6. Bd2 a5 7. Qc2 c5 8. a3 Bxd2+ 9. Nbxd2 {[%emt 0:00:02] White has an edge.} cxd4 10. Nxc4 Nc6 11. Rd1 O-O 12. O-O Re8 13. Nce5 Bd7 14. Nxc6 Bxc6 15. Rxd4 Qb6 16. Rfd1 Rac8 {[%emt 0:00:04] [#] White must now prevent ...Bxf3.} 17. Rc4 (17. Qb1 $1 $11 {keeps the balance.}) 17... Rcd8 (17... Be4 $1 $17 18. Qc3 Rxc4 19. Qxc4 Qxb2) 18. Rc1 e5 19. Nd2 Bb5 20. Rc7 (20. Qb3 $5) 20... Bxe2 (20... Ng4 {keeps more tension.} 21. e3 Qh6 22. Nf1 Bxf1 23. Kxf1 Nxh2+ 24. Kg1 Qh5) 21. Rxb7 Qd6 (21... Qe6 $14) 22. Nc4 Bxc4 23. Qxc4 $40 {[%emt 0:00:01][%mdl 128] Black is in trouble.} Re7 24. Qc5 {[%emt 0:00:23] White is more active.} Qxc5 25. Rxc5 Rxb7 26. Bxb7 $16 {[%emt 0:00:02][%mdl 4096] Endgame. KRB-KRN} Rb8 $2 {[%emt 0:00:04] Black cannot hold the game after this.} (26... Kf8 $16) 27. Rxa5 $1 $18 Kf8 28. Ra8 Rxa8 29. Bxa8 {[%emt 0:00:01] KB-KN} Ke7 30. Kf1 Kd6 31. Ke2 Kc5 32. b4+ Kd4 33. Bc6 {[%emt 0:00:03] [#] Dodges Ne8. Hoping for a4.} Ng8 34. a4 {[%emt 0:00:04] a5 is the strong threat.} Ne7 35. Be8 {[%emt 0:00:01][%cal Oa4a5] a5! would now be deadly.} f5 $2 (35... Nd5 36. a5 (36. Bxf7 Nc3+ 37. Kf3 Nxa4 $18) 36... Nxb4 37. Bxf7 Kc5) 36. a5 {[%emt 0:00:01] Strongly threatening b5.} Kc4 37. a6 (37. b5 $142) 37... Nc8 38. Bd7 Nb6 39. Bxf5 g6 40. Be6+ Kxb4 41. Ke3 {[%emt 0:00:01] And now Ke4 would win.} Kb5 42. Ke4 Kxa6 43. Kxe5 Kb5 44. Bg8 h6 45. Bf7 (45. Kf6 $142 g5 46. Kg6 Nd7 47. Kxh6 Nc5 48. Kxg5 (48. f3 Nd3 $18) 48... Kc6 49. h4 Kd7 50. h5 Ne4+ 51. Kg6) 45... g5 46. Kf5 {[%emt 0:00:01] White threatens Kg6 and mate.} Nc8 47. Kg6 Nd6 48. Bd5 Kc5 49. Bf3 Nc4 50. Kxh6 Ne5 51. Be2 g4 52. Kg5 Kd5 {[%emt 0:00:05] Weighted Error Value: White=0.26 (precise) /Black=0.69.  Loses game:     	---       	Black=1      Mistake:       	White=1     	Black=3      Inaccurate:     	White=3     	Black=5      OK:         	White=11    	Black=12     Best:        	White=1     	Black=2      Strong:       	White=1     	---} 1-0

[Event "American Cup Blitz 2024"]
[Site "Saint Louis"]
[Date "2024.03.21"]
[Round "1.6"]
[White "Robson, Ray"]
[Black "Sukandar, Irine Kharisma"]
[Result "1-0"]
[ECO "A34"]
[WhiteElo "2696"]
[BlackElo "2349"]
[Annotator "TA"]
[PlyCount "65"]
[EventDate "2024.03.21"]
[EventType "swiss"]
[EventCountry "USA"]
[SourceTitle "playchess.com"]
[Source "ChessBase"]
[SourceQuality "1"]
[TimeControl "180+2"]

1. c4 c5 2. Nf3 Nf6 3. Nc3 Nc6 4. g3 e5 5. Bg2 d6 6. O-O g6 7. a3 Bg7 8. b4 O-O {[%emt 0:00:08] White is slightly better.} 9. bxc5 dxc5 10. Rb1 h6 11. d3 Re8 (11... Rb8 $14) 12. Nd2 $16 Nd4 13. e3 (13. Bxb7 $16 Bxb7 14. Rxb7) 13... Ne6 $14 14. Nd5 Rb8 15. Bb2 Nc7 16. Nxf6+ (16. e4 {with more complications.} b6 17. f4 exf4 18. Rxf4 Nd7 19. Bxg7 Kxg7 20. Qc2) 16... Qxf6 17. Ne4 Qe7 18. Qe2 Be6 19. a4 Red8 20. a5 b5 21. axb6 axb6 22. Ba3 Qd7 23. Rfd1 Bg4 24. Bf3 Bxf3 25. Qxf3 Ra8 26. Bb2 Qc6 {[%emt 0:00:12] Prevents Nf6+.} 27. Kg2 Rd7 (27... Ra4 $11 {keeps the balance.}) 28. Nc3 $16 Qxf3+ 29. Kxf3 Rad8 {[%emt 0:00:06] [#]} 30. Ke2 $1 Na6 31. Nd5 Nb4 32. e4 ({But not} 32. Nxb6 Rd6 33. Nd5 Nxd5 34. cxd5 Rxd5 $14) 32... Rd6 (32... b5 $142) 33. Bc3 {[%emt 0:00:03] Weighted Error Value: White=0.13 (very precise) /Black=0.17 (very precise) .  Mistake:       	White=1     	Black=3      Inaccurate:     	White=4     	Black=4      OK:         	White=6     	Black=8      Best:        	White=1     	---        Strong:       	White=1     	---} 1-0

[Event "American Cup Blitz 2024"]
[Site "Saint Louis"]
[Date "2024.03.21"]
[Round "1.7"]
[White "Zatonskih, Anna"]
[Black "Shankland, Sam"]
[Result "0-1"]
[ECO "A47"]
[WhiteElo "2348"]
[BlackElo "2674"]
[Annotator "TA"]
[PlyCount "50"]
[EventDate "2024.03.21"]
[EventType "swiss"]
[EventCountry "USA"]
[SourceTitle "playchess.com"]
[Source "ChessBase"]
[SourceQuality "1"]
[TimeControl "180+2"]

1. d4 Nf6 2. Nf3 b6 3. g3 Bb7 4. Bg2 c5 5. dxc5 bxc5 6. c4 g6 7. O-O Bg7 8. Nc3 O-O 9. Re1 d6 10. Qc2 Nc6 11. a3 {[%emt 0:00:01] The position is equal.} Rb8 12. Rb1 Qd7 13. b4 Nd4 14. Nxd4 Bxg2 15. Kxg2 {[%emt 0:00:14] Black must now prevent bxc5.} cxd4 16. Nd1 Rfc8 17. Kg1 Ng4 18. Nb2 h5 {[%emt 0:00:09] Black has more active pieces. The white rooks are passive.} 19. Bf4 e5 (19... a5 $5 20. bxa5 Qa7 $17) 20. Bd2 {[%emt 0:00:03] [#]} h4 $1 21. Qe4 {[%emt 0:00:04] [#]} (21. e4 dxe3) 21... hxg3 $1 22. hxg3 Nf6 $36 {[%emt 0:00:02][%mdl 2048] Black is on the roll.} 23. Qg2 e4 24. Bg5 Qf5 (24... Re8 $142 25. Rf1 Rbc8) 25. Red1 $2 Qxg5 {[%emt 0:00:02] Weighted Error Value: White=0.50/Black=0.08 (flawless) .  Loses game:     	White=1     	---        Mistake:       	---       	Black=1      Inaccurate:     	White=4     	Black=1      OK:         	White=3     	Black=8      Best:        	White=1     	Black=1      Strong:       	---       	Black=1} 0-1

[Event "American Cup Blitz 2024"]
[Site "Saint Louis"]
[Date "2024.03.21"]
[Round "1.8"]
[White "Oparin, Grigoriy"]
[Black "Paikidze, Nazi"]
[Result "1-0"]
[ECO "D00"]
[WhiteElo "2671"]
[BlackElo "2319"]
[Annotator "TA"]
[PlyCount "49"]
[EventDate "2024.03.21"]
[EventType "swiss"]
[EventCountry "USA"]
[SourceTitle "playchess.com"]
[Source "ChessBase"]
[SourceQuality "1"]
[TimeControl "180+2"]

1. d4 Nf6 2. Nc3 d5 3. Bf4 a6 4. e3 g6 5. h4 h5 6. Nf3 Bg7 7. Ne5 Bf5 8. f3 {[%emt 0:00:09][%cal Bf2f3,Bf3g4,Bg4g5][%mdl 32] White has an edge.} Nbd7 9. Qe2 Nb6 (9... c5 $11 {is more appropriate.}) 10. O-O-O $14 O-O (10... Rc8 $14) 11. g4 $16 {[%emt 0:00:07] White is more active.} hxg4 {[%emt 0:00:01] [#]} (11... Bd7 $16 {keeps fighting.} 12. Bh3 Be6) 12. fxg4 $18 Be4 13. Nxe4 Nxe4 14. Bg2 (14. g5 $18) 14... Nd7 $2 {[%emt 0:00:25] This costs Black the game.} (14... Qe8 $16 15. h5 gxh5 16. Bxe4 (16. gxh5 Kh8 $18) (16. Rxh5 f6 $18) 16... dxe4) 15. g5 Nxe5 16. dxe5 Nc5 {[%emt 0:00:06] [#]} (16... Qc8 17. Rxd5 c6) 17. Rxd5 {[%emt 0:00:06] White is clearly winning.} Qc8 18. Rxc5 Qe6 19. Kb1 Rad8 20. a3 c6 21. h5 Qf5 22. hxg6 fxg6 23. Bh3 Qf7 24. e6 Qe8 25. Qh2 {[%emt 0:00:02] Weighted Error Value: White=0.37/Black=0.85.  Loses game:     	---       	Black=2      Missed win:     	White=1     	---        Mistake:       	---       	Black=3      Inaccurate:     	White=1     	---        OK:         	White=3     	Black=4      Best:        	White=1     	---} 1-0

[Event "American Cup Blitz 2024"]
[Site "Saint Louis"]
[Date "2024.03.21"]
[Round "1.9"]
[White "Marjanovic, Annamaria"]
[Black "Naroditsky, Daniel"]
[Result "0-1"]
[ECO "A24"]
[WhiteElo "2302"]
[BlackElo "2619"]
[Annotator "TA"]
[PlyCount "68"]
[EventDate "2024.03.21"]
[EventType "swiss"]
[EventCountry "USA"]
[SourceTitle "playchess.com"]
[Source "ChessBase"]
[SourceQuality "1"]
[TimeControl "180+2"]

1. c4 g6 2. g3 Bg7 3. Bg2 Nf6 4. Nc3 d6 5. d3 O-O 6. Rb1 e5 7. Nf3 Re8 8. O-O c6 9. Bg5 h6 10. Bxf6 Bxf6 11. Nd2 a5 12. a3 Be6 13. e4 Nd7 14. b4 axb4 {[%emt 0:00:02] Schwarz steht besser.} 15. axb4 Bg7 16. Qc2 h5 17. b5 h4 18. Ra1 Rxa1 19. Rxa1 Bh6 20. Nf1 Qb6 (20... Kg7 $17 21. Nd2 Nc5) 21. bxc6 bxc6 22. Rb1 {[%emt 0:00:02] Weiss hat schwache schwarze Felder} Qa7 23. Qa4 $2 ({Günstiger ist} 23. gxh4 $15 Nf6 24. Bf3) 23... Qd4 24. Qc2 Nc5 25. Rd1 {[%emt 0:00:05] [#] Zielt auf Ne2 ab.} Bg4 (25... Rb8 $19 {...Bg4 ist eine echte Drohung.} 26. gxh4 Bg4) 26. Ne2 $17 Bxe2 27. Qxe2 Rb8 ({Besser ist} 27... hxg3 $17 28. Nxg3 Bf4) 28. Ne3 $2 (28. gxh4 $11 {und Weiss steht sicher.} Bf4 29. h5) 28... Rb2 29. Rd2 {[%emt 0:00:09] [#]} (29. Qf3 $17) 29... Rb1+ (29... Rxd2 $1 $19 {und Schwarz behält klar die Oberhand.} 30. Qxd2 hxg3 (30... Nxd3 $2 31. gxh4 Bf4 32. Bf1 $19) (30... Qxd3 31. Qxd3 Nxd3 32. gxh4 $17) 31. hxg3 Nxd3) 30. Bf1 hxg3 ({Doch nicht} 30... Bxe3 31. fxe3 Qc3 32. gxh4 $11) 31. hxg3 Nb3 {[%emt 0:00:04] Schwarz hat aktiveres Spiel.} 32. Rd1 ({Vorzuziehen ist} 32. Ra2 $1 $15 Bxe3 33. Qxe3) 32... Rb2 33. Qf3 (33. Qe1 $17) 33... Nd2 $19 34. Qf6 (34. Rxd2 Rxd2 35. Ng4) 34... Bxe3 {[%emt 0:00:07] Gewichteter Fehlerwert: Weiß=0.86/Schwarz=0.37.  Verlustzug:     	Weiß=3     	---        Fehler:       	Weiß=3     	Schwarz=4     Ungenau:       	Weiß=5     	Schwarz=1     OK:         	Weiß=3     	Schwarz=6     Bester:       	Weiß=1     	Schwarz=2} 0-1

[Event "American Cup Blitz 2024"]
[Site "Saint Louis"]
[Date "2024.03.21"]
[Round "1.10"]
[White "Rosen, Eric"]
[Black "Sevian, Samuel"]
[Result "0-1"]
[ECO "D02"]
[WhiteElo "2361"]
[BlackElo "2697"]
[Annotator "TA"]
[PlyCount "122"]
[EventDate "2024.03.21"]
[EventType "swiss"]
[EventCountry "USA"]
[SourceTitle "playchess.com"]
[Source "ChessBase"]
[SourceQuality "1"]
[TimeControl "180+2"]

1. d4 Nf6 2. Bf4 d5 3. e3 e6 4. Nf3 c5 5. Nbd2 Nc6 6. c3 Bd6 7. Bg3 O-O 8. Bb5 Ne7 9. Bd3 c4 10. Bc2 {[%emt 0:00:01] Die Stellung ist ausgeglichen.} b5 11. e4 dxe4 12. Nxe4 Nxe4 13. Bxe4 Rb8 14. Qe2 Bb7 15. Ne5 Nd5 16. O-O f5 17. Bxd5 Bxd5 (17... exd5 $14 18. Bf4 Ba8) 18. f3 (18. Nc6 $1 $16 Qg5 19. f4 (19. Bxd6 $2 Qxg2#) (19. Nxb8 Rxb8 20. f4 Qe7 $11)) 18... f4 $11 19. Bf2 Rf5 20. Rfe1 Qc7 21. Kh1 a5 22. Rac1 Rh5 23. Qd2 Rf8 24. Re2 Qe7 25. Rce1 Qg5 26. Ng4 Qf5 27. Qc2 Qf7 28. Bg1 Qb7 29. Rf1 Rff5 30. h3 {[%emt 0:00:04] [#]} (30. Qd1 $15) 30... Rfg5 ({Vorzuziehen ist} 30... Rxh3+ $1 $17 31. gxh3 Bxf3+ 32. Rg2 Bxg2+ 33. Qxg2 f3) 31. Bh2 a4 32. Qd2 Rf5 33. Qe1 Qf7 34. a3 Rhg5 35. Qf2 (35. Ne3 $11 {hält das Gleichgewicht.}) 35... h5 $17 36. Ne5 {[%emt 0:00:02] Weiss ist schwach auf den weissen Feldern} Bxe5 37. dxe5 Rxe5 38. Rfe1 Rxe2 39. Qxe2 e5 {[%emt 0:00:04] Schwarz steht aktiver.} 40. Bg1 Rf5 41. Qd2 Kh7 42. Qc2 (42. Bc5 $142) 42... Qg6 43. Qd2 Bc6 44. Re2 $2 {[%emt 0:00:06][%mdl 8192] Verliert die Partie.} (44. Bh2 $17) 44... Rg5 $19 45. Qc2 {[%emt 0:00:14] [#]} e4 $1 46. Rf2 (46. h4 $142 Rg3 47. Rd2) 46... e3 47. Qxg6+ Kxg6 {[%emt 0:00:08][%mdl 4096] Endspiel. KRB-KRB} 48. Rf1 Rd5 49. Re1 h4 50. Bh2 Kf5 51. Re2 Rd2 52. Re1 Rxb2 {[%emt 0:00:02] Droht stark ...Rc2.} 53. Bg1 g5 54. Rc1 Rd2 {[%emt 0:00:02] Und ...Ra2 würde nun gewinnen.} 55. Rb1 Ke6 56. Rc1 Kd7 {[%emt 0:00:01] Droht ...Kc7 und aus.} 57. Re1 Rd3 58. Rc1 Kc7 {[%emt 0:00:01] Zielt auf ...Kd6 ab.} 59. Rc2 Bd7 60. Rb2 Rxc3 61. g3 hxg3 {[%emt 0:00:02] Gewichteter Fehlerwert: Weiß=0.74/Schwarz=0.21 (präzise) .  Verlustzug:     	Weiß=1     	---        Fehler:       	Weiß=4     	Schwarz=2     Ungenau:       	Weiß=3     	Schwarz=3     OK:         	Weiß=8     	Schwarz=13    Bester:       	---       	Schwarz=3     Stark:        	---       	Schwarz=1} 0-1

[Event "American Cup Blitz 2024"]
[Site "Saint Louis"]
[Date "2024.03.21"]
[Round "2.1"]
[White "Swiercz, Dariusz"]
[Black "Caruana, Fabiano"]
[Result "1/2-1/2"]
[ECO "B31"]
[WhiteElo "2612"]
[BlackElo "2804"]
[Annotator "TA"]
[PlyCount "125"]
[EventDate "2024.03.21"]
[EventType "swiss"]
[EventCountry "USA"]
[SourceTitle "playchess.com"]
[Source "ChessBase"]
[SourceQuality "1"]
[TimeControl "180+2"]

1. e4 c5 2. Nf3 Nc6 3. Bb5 g6 4. O-O Bg7 5. Re1 e5 6. Bxc6 dxc6 7. d3 Qe7 8. a3 a5 {[%emt 0:00:05] B31: Sicilian: 2...Nc6 3 Bb5 g6.} 9. Nbd2 Nf6 10. Nc4 Nd7 11. Be3 $5 $146 {[%emt 0:00:28][%mdl 8] An interesting novelty.} ({Predecessor:} 11. a4 O-O 12. b3 b6 13. Ba3 Rd8 14. Qe2 Rb8 15. Rad1 Nf8 16. Qe3 Qc7 17. Bb2 f6 {1-0 Sadhwani,R (2609)-Gukesh,D (2621) Tata Steel India Blitz 2021 (8)}) 11... b5 12. Ncd2 a4 13. c4 O-O 14. Qc2 Ba6 15. Rec1 Rfd8 16. b3 bxc4 17. Nxc4 Bb5 18. bxa4 Bxa4 19. Qc3 Bb5 20. Nb2 h6 21. a4 Ba6 22. Bxc5 (22. a5 $16) 22... Nxc5 23. Qxc5 Qxc5 24. Rxc5 Bxd3 25. Nxd3 (25. Rxc6 $2 {loses.} Bxe4 26. Rb6 Bf5 $19) 25... Rxd3 26. h3 (26. Nxe5 Rxa4 27. Rf1 Bxe5 28. Rxe5 Kg7) (26. h4 $5) 26... Rd6 27. Kf1 Re6 28. Ke2 f5 (28... Bf8 $11 29. Rc4 (29. Rxe5 Rf6 $17) 29... Ra6) 29. Rc4 Bf8 30. Rac1 c5 31. exf5 gxf5 32. Nh4 Rf6 33. g4 fxg4 $1 34. hxg4 Rb6 35. Nf3 Rb4 36. Nxe5 Raxa4 37. f4 Ra8 38. Kf3 Kg7 {[%emt 0:00:05] [#]} (38... Bd6 $11) 39. Nd3 (39. Rxb4 $1 $16 cxb4 40. Rc7+ Kg8 41. Rb7) 39... Rb3 40. R1c3 Rxc3 41. Rxc3 Rc8 42. Ne5 Be7 43. Ke4 ({Better is} 43. Rb3 $14) 43... Ra8 (43... Bf6 $11) 44. Rc4 ({White should play} 44. Rb3 $14) 44... Bd6 45. Nd3 Rc8 46. Kd5 Rd8 47. Ke4 Rc8 48. Nf2 Kf7 49. Kf5 Bf8 50. Ne4 Rc6 51. Ke5 Rc7 52. f5 Rc6 (52... Re7+ $11 {remains equal.} 53. Kd5 Rd7+ 54. Ke5 Ra7) 53. Kd5 ({White should try} 53. Ra4 $16 Bg7+ 54. Kd5) 53... Ra6 $11 54. Nxc5 Ra5 55. Kd4 Be7 56. Ne4 h5 $1 57. f6 Bxf6+ 58. Nxf6 Kxf6 59. gxh5 Rxh5 60. Rc6+ Kg5 61. Rc5+ Kg4 62. Rxh5 Kxh5 63. Ke4 1/2-1/2